 Dungeon Crawl Stone Soup version 0.31-a0-636-ge1c0e020e0 (webtiles) character file.

Game seed: 9445448105316334790

246 thirtiethelement the Trooper (level 5, -8/42 HPs)
             Began as a Demonspawn Fighter on Aug 27, 2023.
             Mangled by a nameless horror (11 damage)
             ... created by miscasting Call Canine Familiar
             ... on level 4 of the Dungeon.
             The game lasted 00:05:02 (3178 turns).

thirtiethelement the Trooper (Demonspawn Fighter)   Turns: 3178, Time: 00:05:03

Health: -8/42      AC:  6    Str: 18    XL:     5   Next: 84%
Magic:  0/5        EV: 14    Int: 10    God:
Gold:   182        SH:  4    Dex: 12    Spells: 1/4 levels left

rFire   . . .        a - +0 war axe
rCold   . . .        c - +0 buckler
rNeg    . . .        b - +0 scale mail
rPois   .            (helmet restricted)
rElec   .            (no cloak)
rCorr   .            (no gloves)
SInv    .            (no boots)
Will    .....        d - amulet of guardian spirit Stlth
                     n - ring of wizardry
HPRegen 0.27/turn    (no ring)
MPRegen 0.09/turn

%: guardian spirit, wizardry (x1)
@: agile, very slightly contaminated
A: horns 1, powered by pain 1
a: no special abilities


You were on level 4 of the Dungeon.
You visited 1 branch of the dungeon, and saw 4 of its levels.

You collected 182 gold pieces.

Inventory:

Hand Weapons
 a - a +0 war axe (weapon)
Missiles
 l - 9 boomerangs (quivered)
Armour
 b - a +0 scale mail (worn)
 c - a +0 buckler (worn)
Jewellery
 d - an amulet of guardian spirit (around neck)
 n - a ring of wizardry (left hand)
 q - a +4 ring of protection
Wands
 k - a wand of mindburst (13)
Scrolls
 e - a scroll of brand weapon {unknown}
 h - 3 scrolls of teleportation {unknown}
 i - a scroll of noise {unknown}
 o - 4 scrolls of identify {unknown}
 p - a scroll of poison {unknown}
Potions
 f - 4 potions of brilliance {unknown}
 g - a potion of curing {unknown}
 j - a potion of magic {unknown}
 m - 2 potions of heal wounds {unknown}
 r - a potion of berserk rage {unknown}


   Skills:
 + Level 3.9 Fighting
 + Level 3.7 Axes
 + Level 3.6 Armour
 + Level 1.0 Dodging
 + Level 3.0 Shields
 + Level 0.1 Spellcasting
 + Level 1.0 Summonings


You had one spell level left.
You knew the following spells:

 Your Spells              Type           Power      Damage    Failure   Level
a - Call Canine Familiar  Summ           2%         N/A       71%         3

Your spell library contained the following spells:

 Spells                   Type           Power      Damage    Failure   Level
 Blink                    Tloc           0%         N/A       63%         2
 Portal Projectile        Hex/Tloc       0%         N/A       85%         3
 Leda's Liquefaction      Hex/Erth       0%         N/A       99%         4
 Manifold Assault         Tloc           0%         N/A       99%         4


Dungeon Overview and Level Annotations

Branches:
Dungeon (4/15)
 Temple: D:4-7

Altars:


Innate Abilities, Weirdness & Mutations

You have a pair of small horns on your head.
You sometimes gain a little power by taking damage.


Message History

The ball python constricts you.
You hit the nameless horror.
The nameless horror is lightly damaged.
You closely miss the ball python. The nameless horror barely misses you.
The ball python bites you but does no damage.
The ball python constricts you.
You slash the nameless horror! You headbutt the nameless horror.
The nameless horror is heavily damaged.
You closely miss the ball python. The ball python barely misses you.
The ball python constricts you. The nameless horror hits you.
You feel your power leaking away. You block the ball python's attack.
The ball python constricts you. The nameless horror hits you.
You hit the nameless horror. You headbutt the nameless horror.
The nameless horror is severely damaged.
You barely miss the ball python. The ball python bites you.
The ball python constricts you. You block the nameless horror's attack.
You hit the nameless horror but do no damage.
The nameless horror is severely damaged.
You slash the ball python!
You kill the ball python!
The nameless horror hits you!
You focus on the pain.
You feel agile all of a sudden.
You hit the nameless horror.
Your headbutt misses the nameless horror.
The nameless horror is severely damaged.
The nameless horror misses you. The nameless horror hits you.
* * * LOW HITPOINT WARNING * * *
You hit the nameless horror.
The nameless horror is severely damaged.
The nameless horror hits you.
* * * LOW HITPOINT WARNING * * *
You hit the nameless horror but do no damage.
The nameless horror is severely damaged.
The nameless horror hits you!
* * * LOW HITPOINT WARNING * * *
You hit the nameless horror but do no damage.
The nameless horror is severely damaged.
You block the nameless horror's attack. The nameless horror hits you!
You die...

#...# #...#
....# #
#.#.# .#
#.#.####..#
#.#....<...
#.#...?....
#.X@.....?.
###.#######
#.# #.# #.#
#.# #.##
#.#.######
#.###<....#


You could see a nameless horror.

Vanquished Creatures
  5 nameless horrors (D:3)
  2 orc wizards (D:3)
  4 gnolls (D:3)
  7 adders
  3 dart slugs
  6 orcs (D:3)
  3 ball pythons
  8 endoplasms
  3 giant cockroaches
  7 goblins
  6 hobgoblins
  3 jackals (D:2)
  A quokka (D:2)
  10 bats
  11 frilled lizards
  9 kobolds
  4 rats
92 creatures vanquished.

Notes
Turn   | Place    | Note
-------+----------+-------------------------------------------
     0 | D:1      | thirtiethelement the Demonspawn Fighter began the quest for
                  | the Orb.
     0 | D:1      | Reached XP level 1. HP: 18/18 MP: 1/1
   112 | D:1      | Gained mutation: You have a pair of small horns on your
                  | head. [demonic ancestry]
   112 | D:1      | Reached XP level 2. HP: 24/24 MP: 2/2
   394 | D:1      | Reached XP level 3. HP: 29/29 MP: 3/3
  1056 | D:2      | Gained mutation: You sometimes gain a little power by
                  | taking damage. [demonic ancestry]
  1056 | D:2      | Reached XP level 4. HP: 35/35 MP: 4/4
  1606 | D:3      | Found a faded altar of an unknown god.
  1712 | D:3      | Learned a level 3 spell: Call Canine Familiar
  1929 | D:3      | Noticed a nameless horror
  1934 | D:3      | Killed a nameless horror
  1955 | D:3      | Reached skill level 1 in Dodging
  1955 | D:3      | Reached XP level 5. HP: 25/41 MP: 3/5
  2215 | D:3      | Noticed a nameless horror
  2225 | D:3      | Killed a nameless horror
  2393 | D:3      | Reached skill level 1 in Summonings
  2523 | D:3      | Noticed a nameless horror
  2534 | D:3      | Killed a nameless horror
  2981 | D:3      | Noticed a nameless horror
  2985 | D:3      | Killed a nameless horror
  3169 | D:4      | Noticed a nameless horror
  3178 | D:4      | Mangled by a nameless horror

Illustrated notes

Levels and vault maps discovered:
D:1:      nzn_arrival_settlement, layout_basic
D:2:      layout_basic, basic_altar
D:3:      layout_basic, mainiacjoe_overflow_tiny_flanked,
          nicolae_ecumenical_pavilion
D:4:      layout_loops_ring, nicolae_uskayaw_suspiria,
          minmay_temple_entry_wispy, cheibrodos_sewer_entry_bend

Skill      XL: |  1  2  3  4  5 |
---------------+----------------+-----
Armour         | 3 |  3.6
Axes           | 2 3 |  3.7
Shields        | 3 |  3.0
Dodging        | 1 |  1.0
Summonings     | 1 |  1.0
Fighting       | |  3.9
Spellcasting   | |  0.1

Action                     |  1- 3 |  4- 6 || total
---------------------------+-------+-------++-------
  Melee: War axe           |    92 |   141 ||   233
         Headbutt          |    10 |    22 ||    32
    Use: Potion            |       |     1 ||     1
 Armour: Scale mail        |    55 |    51 ||   106
  Dodge: Dodged            |    46 |    58 ||   104
  Block: Buckler           |    22 |    35 ||    57

Table legend: (Time is in decaauts)
 A = Elapsed time spent in this place.
 B = Non-inter-level travel time spent in this place.
 C = Inter-level travel time spent in this place.
 D = Time resting spent in this place.
 E = Time spent auto-exploring this place.
 F = Levels seen in this place.
 G = Mean time per level.
                   A        B        C        D        E       F      G
               +--------+--------+--------+--------+--------+-----+--------+
         Total |   3268 |   3187 |     81 |    327 |   2282 |   4 |  817.0 |
       Dungeon |   3268 |   3187 |     81 |    327 |   2282 |   4 |  817.0 |
               +--------+--------+--------+--------+--------+-----+--------+

Top non-repeatable levels by time:
     D:3: 1591 daAuts
     D:2: 875 daAuts
     D:1: 780 daAuts
     D:4: 21 daAuts
